 Dungeon Crawl Stone Soup version 0.31.0-12-g77e489cdc1 (webtiles) character file.

Game seed: 6454158289718568891

51 monsoonserge the Ruffian (level 3, -2/26 HPs)
             Began as a Gnoll Shapeshifter on Feb 28, 2024.
             Slain by a goblin
             ... wielding a +0 dagger
              (4 damage)
             ... on level 2 of the Dungeon.
             The game lasted 00:02:56 (1023 turns).

monsoonserge the Ruffian (Gnoll Shapeshifter)       Turns: 1023, Time: 00:02:56

Health: -2/26      AC:  1    Str: 15    XL:     3   Next: 81%
Magic:  4/4        EV: 17    Int:  9    God:
Gold:   9          SH:  0    Dex: 11    Spells: 4/4 levels left

rFire   . .          .
                       - Unarmed
rCold   . . .        (shield currently unavailable)
rNeg    . . .        l - melded +0 plate armour
rPois   .            (no helmet)
rElec   .            (no cloak)
rCorr   .            j - +0 pair of gloves
SInv    .            (no boots)
Will    .....        (no amulet)
Stlth   +            (no ring)
HPRegen 0.24/turn    (no ring)
MPRegen 0.09/turn

%: no passive effects
@: flux-form, glowing
A: glow, contaminating, reduced hp, fangs 1, strong nose, distributed training
a: Begin Untransformation


You were on level 2 of the Dungeon.
You were something dangerously unstable.
You visited 1 branch of the dungeon, and saw 2 of its levels.

You collected 9 gold pieces.

Inventory:

Missiles
 f - 4 atropa-tipped darts (quivered)
 i - 3 poisoned darts
Armour
 a - a +0 animal skin
 e - a +0 leather armour
 j - a +0 pair of gloves (worn)
 l - a +0 plate armour (melded)
Talismans
 c - a beast talisman
 d - a flux talisman (active)
Scrolls
 g - 2 scrolls of identify
 h - a scroll of vulnerability
 n - a scroll of blinking
Potions
 b - a potion of lignification


   Skills:
 + Level 2.7 Fighting
 + Level 1.0 Short Blades
 + Level 1.0 Long Blades
 + Level 1.0 Axes
 + Level 1.0 Maces & Flails
 + Level 1.0 Polearms
 + Level 1.0 Staves
 + Level 1.0 Ranged Weapons
 + Level 1.0 Throwing
 + Level 1.0 Armour
 + Level 4.6 Dodging
 + Level 1.0 Stealth
 + Level 1.0 Shields
 + Level 6.5 Unarmed Combat
 + Level 1.0 Spellcasting
 + Level 0.7 Conjurations
 + Level 0.7 Hexes
 + Level 0.7 Summonings
 + Level 0.7 Necromancy
 + Level 0.7 Translocations
 + Level 0.7 Fire Magic
 + Level 0.7 Ice Magic
 + Level 0.7 Air Magic
 + Level 0.7 Earth Magic
 + Level 0.7 Alchemy
 + Level 1.1 Invocations
 + Level 1.0 Evocations
 + Level 6.5 Shapeshifting


You had 4 spell levels left.
You didn't know any spells.
Your spell library contained the following spells:

 Spells                   Type           Power      Damage    Failure   Level
 Summon Small Mammal      Summ           4%         N/A       26%         1
 Call Canine Familiar     Summ           1%         N/A       63%         3
 Summon Blazeheart Golem  Fire/Summ      1%         N/A       95%         4


Dungeon Overview and Level Annotations

Branches:
Dungeon (2/15)

Altars:

Annotations:
D:2 Ijyb


Innate Abilities, Weirdness & Mutations

You are something dangerously unstable.
You glow with magical radiation, making you easy to see and hit.
Foes you strike become dangerously contaminated with magical radiation.
Your maximum health is decreased, since you lack skill for your form.
You are incapable of wielding weapons or throwing items.
You have very sharp teeth.
Your uncanny sense of smell can sniff out nearby items.
Your experience applies equally to all skills.


Message History

You hit the goblin.
You kill the goblin!
The adder bites you.
* * * LOW HITPOINT WARNING * * *
The goblin closely misses you. The goblin barely misses you.
Unknown command.
You hit the adder.
The adder begins to glow.
The adder is heavily wounded.
The adder bites you.
* * * LOW HITPOINT WARNING * * *
The goblin barely misses you.
Unknown command.
You hit the adder.
The adder glows dangerously bright.
The adder is almost dead.
The adder misses you. The goblin closely misses you.
The adder closely misses you.
You hit the adder.
The adder shudders as magic cascades through it.
You kill the adder!
The goblin hits you with a +0 dagger.
* * * LOW HITPOINT WARNING * * *
The goblin hits you with a +0 club.
* * * LOW HITPOINT WARNING * * *
Your Short Blades skill increases to level 1!
Your Long Blades skill increases to level 1!
Your Axes skill increases to level 1!
Your Maces & Flails skill increases to level 1!
Your Polearms skill increases to level 1!
Your Staves skill increases to level 1!
Your Ranged Weapons skill increases to level 1!
Your Throwing skill increases to level 1!
Your Armour skill increases to level 1!
Your Stealth skill increases to level 1!
Your Shields skill increases to level 1!
Your Spellcasting skill increases to level 1!
Your Evocations skill increases to level 1!
You hit the goblin.
The goblin begins to glow.
The goblin is severely wounded.
Ijyb closely misses you. The goblin hits you with a +0 dagger.
You die...

...........#g..g...
.........###8.g...8###########
.........##..................#
.....†..).#g.................#
..........#.#######..........#
......##.......##............#
.....###.......##............#
.....###.......##g....?.######
................pgg......##
...............)gg........#
##+#......#####....####..##
................# ....#
................# #....#
...............# #...##
..............# ##.##
........)..# .## ###........#
#


You could see Ijyb and 4 goblins.

Vanquished Creatures
  An adder (D:2)
  A dart slug (D:1)
  2 ribbon worms (D:2)
  3 bats
  3 endoplasms (D:1)
  3 goblins
  4 hobgoblins (D:1)
  5 kobolds
  3 quokkas
  A ball python (D:2)
  3 frilled lizards (D:1)
  3 rats
32 creatures vanquished.

Notes
Turn   | Place    | Note
-------+----------+-------------------------------------------
     0 | D:1      | monsoonserge the Gnoll Shapeshifter began the quest for the
                  | Orb.
     0 | D:1      | Reached XP level 1. HP: 17/17 MP: 1/1
    85 | D:1      | Reached XP level 2. HP: 23/23 MP: 2/2
   457 | D:1      | Reached XP level 3. HP: 28/28 MP: 3/3
   859 | D:2      | Reached skill level 1 in Invocations
   991 | D:2      | Noticed Ijyb
  1023 | D:2      | Reached skill level 1 in Short Blades
  1023 | D:2      | Reached skill level 1 in Long Blades
  1023 | D:2      | Reached skill level 1 in Axes
  1023 | D:2      | Reached skill level 1 in Maces & Flails
  1023 | D:2      | Reached skill level 1 in Polearms
  1023 | D:2      | Reached skill level 1 in Staves
  1023 | D:2      | Reached skill level 1 in Ranged Weapons
  1023 | D:2      | Reached skill level 1 in Throwing
  1023 | D:2      | Reached skill level 1 in Armour
  1023 | D:2      | Reached skill level 1 in Stealth
  1023 | D:2      | Reached skill level 1 in Shields
  1023 | D:2      | Reached skill level 1 in Spellcasting
  1023 | D:2      | Reached skill level 1 in Evocations
  1023 | D:2      | Slain by a goblin

Illustrated notes

Levels and vault maps discovered:
D:1:      nzn_arrival_crosshair, layout_basic, dreamdust_mushroom_princess,
          serial_bayou_pond_c, minmay_crystal_water
D:2:      kennysheep_the_goblin_king, layout_basic, uniq_crazy_yiuf_cottage

Skill      XL: |  1  2  3 |
---------------+----------+-----
Invocations    | 1 |  1.1
Short Blades   | 1 |  1.0
Long Blades    | 1 |  1.0
Axes           | 1 |  1.0
Maces & Flails | 1 |  1.0
Polearms       | 1 |  1.0
Staves         | 1 |  1.0
Ranged Weapons | 1 |  1.0
Throwing       | 1 |  1.0
Armour         | 1 |  1.0
Stealth        | 1 |  1.0
Shields        | 1 |  1.0
Spellcasting   | 1 |  1.0
Evocations     | 1 |  1.0
Fighting       | |  2.7
Dodging        | |  4.6
Unarmed Combat | |  6.5
Conjurations   | |  0.7
Hexes          | |  0.7
Summonings     | |  0.7
Necromancy     | |  0.7
Translocations | |  0.7
Fire Magic     | |  0.7
Ice Magic      | |  0.7
Air Magic      | |  0.7
Earth Magic    | |  0.7
Alchemy        | |  0.7
Shapeshifting  | |  6.5

Action                     || total
---------------------------++-------
  Melee: Unarmed           ||    69
         Bite              ||     5
    Use: Scroll            ||     4
         Potion            ||     1
   Stab: Sleeping          ||     1
 Armour: Animal skin       ||     3
         Leather armour    ||    13
         Skin              ||    16
  Dodge: Dodged            ||    58
   Form: Beast             ||     1
         Flux              ||     1
